 Dungeon Crawl Stone Soup version 0.29-a0-1023-g6ae1a4a2c7 (webtiles) character file.

Game seed: 11978526274985577741

12 27heaven the Trooper (level 2, 0/26 HPs)
             Began as a Hill Orc Abyssal Knight on Aug 11, 2022.
             Was a Believer of Lugonu.
             Succumbed to a kobold's poison
             ... on level 1 of the Dungeon.
             The game lasted 00:01:42 (945 turns).

27heaven the Trooper (Hill Orc Abyssal Knight)       Turns: 945, Time: 00:01:42

Health: 0/26       AC:  3    Str: 15    XL:     2   Next: 33%
Magic:  3/4        EV: 11    Int: 10    God:    Lugonu [**....]
Gold:   17         SH:  0    Dex: 11    Spells: 1/1 levels left

rFire   . . .      SeeInvis .   a - +2 hand axe
rCold   . . .      Faith    .   (no shield)
rNeg    . . .      Spirit   .   b - +0 leather armour
rPois   .          Reflect  .   (no helmet)
rElec   .          Harm     .   (no cloak)
rCorr   .          Rampage  .   (no gloves)
Will    .....                   (no boots)
Stlth   +.........              (no amulet)
HPRegen 0.08/turn               (no ring)
MPRegen 0.09/turn               (no ring)

@: lethally poisoned (0 -> -4)
A: no striking features
a: Renounce Religion, Depart the Abyss, Bend Space


You were on level 1 of the Dungeon.
You worshipped Lugonu.
Lugonu was pleased with you.
You visited 1 branch of the dungeon, and saw 1 of its levels.
You visited the Abyss 1 time.

You collected 17 gold pieces.

Inventory:

Hand Weapons
 a - a +2 hand axe (weapon)
Armour
 b - a +0 leather armour (worn)


   Skills:
 - Level 3.6 Fighting
 + Level 3.3 Axes
 - Level 2.1 Armour
 - Level 0.7 Dodging
 + Level 3.1 Invocations


You had one spell level left.
You didn't know any spells.
Your spell library was empty.

Dungeon Overview and Level Annotations

Branches:
Dungeon (1/15)

Altars:


Message History

The kobold closely misses you.
You are too injured to fight recklessly!
You are too injured to fight recklessly!
You hit the kobold but do no damage.
The kobold is severely wounded.
You feel very sick.
The kobold hits you with a +1 short sword of venom.
* * * LOW HITPOINT WARNING * * *
You are more poisoned.
It was a potion of heal wounds.
You feel much better.
You feel very sick. The kobold hits you but does no damage.
You are lethally poisoned!
You hit the kobold.
You kill the kobold!
Lugonu accepts your kill.
You feel very sick.
You feel very sick.
You feel very sick.
You aren't carrying any potions.
As you read the scroll labelled POUCYN YNEAT, it crumbles to dust.
It is a scroll of enchant weapon.
Your +1 hand axe glows red for a moment.
* * * LOW HITPOINT WARNING * * *
You feel very sick.
As you read the scroll labelled COG ATUPRUNGA, it crumbles to dust.
You assume a fearsome visage.
Nothing appears to happen.
It was a scroll of fear.
* * * LOW HITPOINT WARNING * * *
You feel sick.
* * * LOW HITPOINT WARNING * * *
You feel sick.
You aren't carrying any potions.
* * * LOW HITPOINT WARNING * * *
You feel sick. Space bends violently around you!
You blink.
* * * LOW HITPOINT WARNING * * *
You feel sick.
You aren't carrying any scrolls.
You die...

## ... #####.#####
#..."....§#####
...$.........†#
#.......).###.########
#.........# #........####
..........#########......
.#....@...............[
##......########......
#.....$.# #...####
..........# #.#..###
##.##...#.# #.#.#.#. #.
......# #.#.##.# .
##...### #.#.##.. . ##.##
##.#.#### ########....#


There were no monsters in sight!

Vanquished Creatures
  A dart slug (D:1)
  2 endoplasms (D:1)
  A goblin (D:1)
  A hobgoblin (D:1)
  A kobold (D:1)
  A ball python (D:1)
  A bat (D:1)
  2 frilled lizards (D:1)
10 creatures vanquished.

Notes
Turn   | Place    | Note
-------+----------+-------------------------------------------
     0 | Abyss:1  | 27heaven the Hill Orc Abyssal Knight began the quest for
                  | the Orb.
     0 | Abyss:1  | Reached XP level 1. HP: 19/19 MP: 2/2
    65 | Abyss:1  | Found a corrupted altar of Lugonu.
    76 | Abyss:1  | Found a corrupted altar of Lugonu.
   153 | Abyss:1  | Found a blossoming altar of Fedhas.
   155 | Abyss:1  | Noticed a starcursed mass
   185 | Abyss:1  | Noticed a starcursed mass
   193 | D:1      | Escaped the Abyss
   909 | D:1      | Reached XP level 2. HP: 26/26 MP: 4/4
   922 | D:1      | Reached ** piety under Lugonu
   944 | D:1      | HP: 1/26 [poisoned by a kobold]
   945 | D:1      | Succumbed to a kobold's poison

Illustrated notes

Levels and vault maps discovered:
D:1:      shiori_arrival_oz, layout_loops_ring,
          hellmonk_ecumenical_altar_dog_temple

Skill      XL: |  1  2 |
---------------+-------+-----
Axes           | 3 |  3.3
Invocations    | 3 |  3.1
Fighting       | |  3.6
Armour         | |  2.1
Dodging        | |  0.7

Action                   || total
-------------------------++-------
Melee: Hand axe          ||    38
Invok: Depart the Abyss  ||     1
       Bend Space        ||     1
  Use: Scroll            ||     2
       Potion            ||     1
Armor: Leather armour    ||     8
Dodge: Dodged            ||    25

Table legend: (Time is in decaauts)
 A = Elapsed time spent in this place.
 B = Non-inter-level travel time spent in this place.
 C = Inter-level travel time spent in this place.
 D = Time resting spent in this place.
 E = Time spent auto-exploring this place.
 F = Levels seen in this place.
 G = Mean time per level.
                   A        B        C        D        E       F      G
               +--------+--------+--------+--------+--------+-----+--------+
         Total |    952 |    952 |      0 |    221 |    581 |   2 |  476.0 |
       Dungeon |    757 |    757 |      0 |    221 |    439 |   1 |  757.0 |
         Abyss |    194 |    194 |      0 |      0 |    142 |   1 |  194.0 |
               +--------+--------+--------+--------+--------+-----+--------+

Top non-repeatable levels by time:
     D:1: 757 daAuts
 Abyss:1: 194 daAuts
